cohdb
Replays
Latest Replays
All Replays
Popular Replays
Top Player Replays
Match Explorer
How It Works
Community
CoH3 Stats
Reddit
Sign in to upload your games and track your stats! →
Sign in with Steam
My "meta" play vs USF Easy8
Match 8230511
Overview
Messages
Build Orders
End
Kradschützen Motorcycle Team
Selects Italian Combined Arms Battlegroup
Selects Bersaglieri Squad
Bersaglieri Squad
Bersaglieri Squad
Bersaglieri Squad
Construct Light Support Kompanie
Selects Bersaglieri Bolster
Construct Mechanized Kompanie
Panzerjäger Mechanized Group
8 Rad Armored Car
Selects Breda Model 30 Light Machine Guns
Marder III Tank Destroyer
2.5-tonne Medical Truck
8 Rad Armored Car
Selects Semovente da 75/18 Assault Gun
Support Armor Elements
Tungsten Core Ammunition
Selects Carro Armato M13/40 Light Tank
Selects Pact of Steel
Carro Armato M13/40 Light Tank
Emergency Repair Kits
Semovente da 75/18 Assault Gun
Zuntew...
BigLang
0
0
Comments
sign in to comment!
No comments posted yet!